 Dungeon Crawl Stone Soup version 0.30.0-5-g1a98f26d00 (webtiles) character file.

Game seed: 9084352317769301265

110 jasper the Trooper (level 4, -1/40 HPs)
             Began as a Demigod Wanderer on May 8, 2023.
             Slain by a gnoll
             ... wielding a +0 flail
              (6 damage)
             ... on level 2 of the Dungeon.
             The game lasted 00:04:10 (2190 turns).

jasper the Trooper (Demigod Wanderer)               Turns: 2190, Time: 00:04:11

Health: -1/40      AC:  4    Str:  9    XL:     4   Next: 35%
Magic:  8/8        EV: 10    Int: 18    God:
Gold:   126        SH:  5    Dex: 17    Spells: 4/5 levels left

rFire   . . .        a - +0 spear
rCold   . . .        b - +0 buckler
rNeg    . . .        d - +0 robe
rPois   .            r - +0 helmet
rElec   .            (no cloak)
rCorr   .            m - +0 pair of gloves
SInv    .            (no boots)
Will    .....        (no amulet)
Stlth   ++           (no ring)
HPRegen 0.26/turn    (no ring)
MPRegen 0.11/turn

%: no passive effects
@: no status effects
A: high MP 1, forlorn, divine attributes
a: no special abilities


You were on level 2 of the Dungeon.
You visited 1 branch of the dungeon, and saw 3 of its levels.

You collected 126 gold pieces.

Inventory:

Hand Weapons
 a - a +0 spear (weapon)
Missiles
 e - 14 stones
 j - 3 boomerangs
Armour
 b - a +0 buckler (worn)
 d - a +0 robe (worn)
 i - a +0 leather armour
 m - a +0 pair of gloves (worn)
 r - a +0 helmet (worn)
Magical Staves
 f - a staff of cold
Scrolls
 c - 3 scrolls of teleportation
 l - a scroll of fear {unknown}
 n - 2 scrolls of enchant weapon {unknown}
 q - a scroll of amnesia {unknown}
Potions
 g - a potion of curing
 h - 2 potions of degeneration {unknown}
 k - a potion of magic {unknown}
 o - 2 potions of heal wounds
 p - 2 potions of flight {unknown}


   Skills:
 + Level 3.8 Fighting
 - Level 1.0 Polearms
 * Level 3.1 Shields
 - Level 1.0 Spellcasting
 - Level 3.6 Translocations


You had 4 spell levels left.
You knew the following spells:

 Your Spells              Type           Power      Damage    Failure   Level
a - Apportation           Tloc           26%        N/A       7%          1

Your spell library contained the following spells:

 Spells                   Type           Power      Damage    Failure   Level
 Vhi's Electric Charge    Tloc/Air       14%        N/A       38%         3
 Iskenderun's Mystic Bla  Conj/Tloc      7%         2d4       80%         4


Dungeon Overview and Level Annotations

Branches:
Dungeon (3/15)


Innate Abilities, Weirdness & Mutations

You have an increased reservoir of magic. (+10% MP)
You shall have no god before yourself.
Your divine heritage dramatically boosts your attributes as you level up.


Message History

Press: ? - help, Dir - move target, f - you That would be overly suicidal.
Okay, then.
Reach: a) +0 spear
Press: ? - help, Dir - move target, f - gnoll
Aim: a gnoll, wielding a +0 flail (about 34% to evade your +0 spear)
You reach to attack!
You hit the gnoll but do no damage.
Reach: a) +0 spear
Press: ? - help, Dir - move target, f/p - gnoll
Aim: a gnoll, wielding a +0 flail (about 34% to evade your +0 spear)
You barely miss the gnoll.
A gnoll comes into view. It is wielding a +0 halberd.
The gnoll barely misses you.
Reach: a) +0 spear
Press: ? - help, Dir - move target, f/p - gnoll
Aim: a gnoll, wielding a +0 flail (about 34% to evade your +0 spear)
You barely miss the gnoll.
The gnoll shouts! x2
You block the gnoll's attack. The gnoll hits you with a +0 flail.
You take 1 damage, and have 34/40 hp.
The gnoll attacks as you move away! You block the gnoll's attack.
The gnoll attacks as you move away! The gnoll hits you with a +0 flail!
There is a stone staircase leading up here.
You take 10 damage, and have 25/40 hp.
MASSIVE DAMAGE!!
The gnoll hits you from afar with a +0 halberd.
The gnoll closely misses you.
You climb upwards.
There is a stone staircase leading down here.
You take 1 damage, and have 24/40 hp.
You closely miss the gnoll. The gnoll hits you with a +0 flail!
You take 11 damage, and have 13/40 hp.
MASSIVE DAMAGE!!
You hit the gnoll.
The gnoll is moderately wounded.
The gnoll hits you with a +0 flail!
* * * LOW HITPOINT WARNING * * *
You take 9 damage, and have 4/40 hp.
MASSIVE DAMAGE!!
You hit the gnoll.
The gnoll is heavily wounded.
The gnoll hits you with a +0 flail.
You die...

#################
#...............#
#.#############.# #.# #.########
##########.#############.........
.........).....g@........########
.#########.###............# #..
.#########.# #............# #.#
...........# #............#####.#
#####...#### #..~........~.~.##.#
........# #..~....~~....~.##.#
.###....# #...≈~~~≈≈~~~≈~~##.# .#
#....# #..~≈≈~≈≈≈≈≈≈≈≈.##.# .#
#....# #....≈≈≈≈~~≈≈≈~~##.#


You could see a gnoll.

Vanquished Creatures
  Jessica (D:2)
  4 adders
  A worm (D:2)
  A dart slug (D:1)
  An orc (D:3)
  7 ball pythons
  2 endoplasms (D:2)
  A goblin (D:1)
  5 hobgoblins
  2 quokkas (D:1)
  9 bats
  4 frilled lizards
  A kobold (D:2)
  5 rats
44 creatures vanquished.

Notes
Turn   | Place    | Note
-------+----------+-------------------------------------------
     0 | D:1      | jasper the Demigod Wanderer began the quest for the Orb.
     0 | D:1      | jasper set off with the following items: a +0 spear, a +0
                  | buckler, a scroll of teleportation, a +0 robe; and the
                  | following spell memorised: Apportation; and the following
                  | spells available to memorise: Vhi's Electric Charge,
                  | Iskenderun's Mystic Blast.
     0 | D:1      | Reached XP level 1. HP: 18/18 MP: 4/4
   253 | D:1      | Reached XP level 2. HP: 26/26 MP: 5/5
   906 | D:2      | Reached XP level 3. HP: 11/31 MP: 6/6
  1782 | D:2      | Noticed Jessica
  1812 | D:2      | Killed Jessica
  1813 | D:2      | Reached XP level 4. HP: 33/40 MP: 8/8
  2190 | D:2      | Slain by a gnoll

Illustrated notes

Levels and vault maps discovered:
D:1:      scummos_arrival_forest, layout_basic
D:2:      layout_basic, chequers_ecumenical_altar_island, uniq_jessica
D:3:      layout_loops_ring

Skill      XL: |  1  2  3 |
---------------+----------+-----
Fighting       | 3 |  3.8
Shields        | 2 3 |  3.1
Polearms       | |  1.0
Spellcasting   | |  1.0
Translocations | |  3.6

Action                     |  1- 3 |  4- 6 || total
---------------------------+-------+-------++-------
  Melee: Spear             |   183 |    46 ||   229
  Throw: Boomerang         |    23 |     3 ||    26
   Cast: Apportation       |     3 |       ||     3
    Use: Scroll            |     1 |       ||     1
         Potion            |       |     1 ||     1
   Stab: Sleeping          |     1 |     1 ||     2
 Armour: Robe              |    44 |    11 ||    55
  Dodge: Dodged            |    84 |    17 ||   101
  Block: Buckler           |    34 |    10 ||    44
